 Dungeon Crawl Stone Soup version 0.31.0-11-ge490571c62 (webtiles) character file.

Game seed: 1003724471430068551

1534845 kaychamo the Intangible (level 27, 258/258 HPs)
             Began as a Merfolk Conjurer on Feb 1, 2024.
             Was a High Priest of Hepliaklqana.
             Escaped with the Orb
             ... and 3 runes on Feb 2, 2024!
             The game lasted 03:31:13 (84007 turns).

kaychamo the Intangible (Merfolk Conjurer)         Turns: 84007, Time: 03:31:13

Health: 258/258    AC: 41    Str:  3    XL:     27
Magic:  29/29      EV: 42    Int: 18    God:    Hepliaklqana [*****.]
Gold:   6012       SH: 10    Dex: 29    Spells: 27/30 levels left

rFire   + + .        a - +2 hand cannon (freeze)
rCold   + . .        Y - +0 buckler "Ylajuaw" {*Corrode rC+ Regen+}
rNeg    + . .        (body armour currently unavailable)
rPois   ∞            (helmet restricted)
rElec   +            A - +2 cloak
rCorr   .            (gloves currently unavailable)
SInv    .            (boots currently unavailable)
Will    ++...        O - amulet of regeneration
Stlth   +            k - ring of Oqejuarit {rElec rPois Str-5 Dex+6 Slay+5}
HPRegen 2.23/turn    f - ring of protection from fire
MPRegen 0.21/turn

%: corrode self (3%)
@: statue-form, very slow
A: slow and powerful, torment resistance 1, boosted hp, reduced essence, (nimble
swimmer 2), mertail, horns 1, clumsy 1, fire resistance 1, frail 1, inability to
drink after injury 1, inability to read after injury 1, sturdy frame 1
0: Orb of Zot
}: 3/15 runes: decaying, serpentine, silver
a: Begin Untransformation, Renounce Religion, Recall Ancestor, Ancestor
Identity, Transference, Idealise


You escaped.
You worshipped Hepliaklqana.
Hepliaklqana was extremely pleased with you.
You were a living statue of rough stone.
You visited 10 branches of the dungeon, and saw 48 of its levels.

You collected 7436 gold pieces.
You spent 1424 gold pieces at shops.


Innate Abilities, Weirdness & Mutations

You are a living statue of rough stone.
Your actions are slow, but your melee attacks are powerful.
You are resistant to unholy torment.
Your maximum health is greatly increased.
Your equipment is partially melded.
Your life essence is reduced to manifest your ancestor. (-10% HP)
You are immune to poison.
((You are very nimble when in or above water. (Stealth+, EV+, Speed+++)))
Your lower body shifts to a powerful aquatic tail in water.
You have a pair of small horns on your head.
You are clumsy. (Dex -2)
Your flesh is heat resistant. (rF+)
You are frail. (-10% HP)
You occasionally lose the ability to drink potions when taking damage.
You occasionally lose the ability to read scrolls when taking damage.
Your movements are slightly less encumbered by armour. (ER -2)


   Skills:
 O Level 27 Fighting
 - Level 5.0 Short Blades
 - Level 12.0 Polearms
 - Level 14.0 Ranged Weapons
 O Level 27 Dodging
 - Level 3.0 Stealth
 + Level 16.7 Shields
 + Level 18.7 Unarmed Combat
 - Level 2.0 Spellcasting
 - Level 4.0 Conjurations
 - Level 9.0 Invocations
 - Level 25.0 Shapeshifting


You had 27 spell levels left.
You knew the following spells:

 Your Spells              Type           Power      Damage    Failure   Level
m - Magic Dart            Conj           64%        1d6       4%          1
s - Searing Ray           Conj           32%        2d5       7%          2

Your spell library contained the following spells:

 Spells                   Type           Power      Damage    Failure   Level
 Foxfire                  Conj/Fire      36%        2x1d5     11%         1
 Sting                    Conj/Alch      36%        1d5       11%         1
 Momentum Strike          Conj/Tloc      18%        3d8       16%         2
 Apportation              Tloc           2%         N/A       24%         1
 Necrotise                Necr           4%         1d4       24%         1
 Summon Small Mammal      Summ           4%         N/A       24%         1
 Dazzling Flash           Conj/Hex       18%        N/A       30%         3
 Blink                    Tloc           2%         N/A       34%         2
 Ensorcelled Hibernation  Hex/Ice        2%         N/A       34%         2
 Jinxbite                 Hex            2%         N/A       34%         2
 Lesser Beckoning         Tloc           2%         N/A       34%         2
 Scorch                   Fire           2%         2d5       34%         2
 Mephitic Cloud           Conj/Alch/Air  6%         N/A       38%         3
 Call Canine Familiar     Summ           1%         N/A       56%         3
 Fugue of the Fallen      Necr           1%         N/A       56%         3
 Gell's Gravitas          Tloc           1%         N/A       56%         3
 Inner Flame              Hex/Fire       1%         N/A       56%         3
 Ozocubu's Armour         Ice            1%         N/A       56%         3
 Passwall                 Erth           1%         N/A       56%         3
 Sigil of Binding         Hex            1%         N/A       56%         3
 Swiftness                Air            1%         N/A       56%         3
 Teleport Other           Tloc           1%         N/A       56%         3
 Vampiric Draining        Necr           1%         2d6       56%         3
 Volatile Blastmotes      Fire/Tloc      2%         2d10      56%         3
 Brom's Barrelling Bould  Conj/Erth      9%         2d3       71%         4
 Flame Wave               Conj/Fire      9%         2d6       71%         4
 Fulminant Prism          Conj/Alch      4%         3d5       71%         4
 Iskenderun's Mystic Bla  Conj/Tloc      9%         2d4       71%         4
 Iskenderun's Battlesphe  Conj           16%        2d7       77%         5
 Anguish                  Hex/Necr       0%         N/A       93%         4
 Animate Armour           Summ/Erth      2%         N/A       93%         4
 Cause Fear               Hex            0%         N/A       93%         4
 Dimensional Bullseye     Hex/Tloc       0%         N/A       93%         4
 Manifold Assault         Tloc           1%         N/A       93%         4
 Martyr's Knell           Necr/Summ      1%         N/A       93%         4
 Olgreb's Toxic Radiance  Alch           1%         N/A       93%         4
 Passage of Golubria      Tloc           1%         N/A       93%         4
 Petrify                  Alch/Erth      1%         N/A       93%         4
 Sticky Flame             Fire/Alch      1%         2d4       93%         4
 Summon Lightning Spire   Summ/Air       1%         N/A       93%         4
 Fireball                 Conj/Fire      4%         3d4       96%         5
 Irradiate                Conj/Alch      4%         3d13      96%         5
 Curse of Agony           Necr           1%         N/A       100%        5
 Lee's Rapid Deconstruct  Erth           0%         3d4*      100%        5
 Silence                  Hex/Air        0%         N/A       100%        5
 Yara's Violent Unravell  Hex/Alch       0%         3d3       100%        5
 Conjure Ball Lightning   Conj/Air       4%         3x3d6     100%        6
 Plasma Beam              Fire/Air       0%         2x1d10    100%        6
 Starburst                Conj/Fire      4%         6d4       100%        6
 Summon Cactus Giant      Summ           0%         N/A       100%        6
 Enfeeble                 Hex            0%         N/A       100%        7
 Orb of Destruction       Conj           8%         9d6       100%        7
 Ozocubu's Refrigeration  Ice            0%         4d7       100%        7
 Discord                  Hex            0%         N/A       100%        8
 Lehudib's Crystal Spear  Conj/Erth      4%         10d3      100%        8
 Sublimation of Blood     Necr           Unusable   N/A       N/A         2

Inventory:

Hand Weapons
 a - a +2 hand cannon of freezing (weapon)
 c - the +10 demon blade "Qud Laun" {venom, rPois Str+3}
   (You found it on level 2 of the Depths)

   Str+3:     It affects your strength (+3).
   rPois:     It protects you from poison
Armour
 p - the +0 helmet of the Red Skies {Rampage Will+ Int+5}
   (You acquired it on level 1 of the Swamp)

   Int+5:     It affects your intelligence (+5).
   Will+:     It increases your willpower.
   Rampage:   It bestows one free step when moving towards enemies.
 A - a +2 cloak (worn)
 Y - the +0 buckler "Ylajuaw" (worn) {*Corrode rC+ Regen+}
   (You took it off Kirke on level 13 of the Dungeon)

   rC+:       It protects you from cold.
   Regen+:    It increases your rate of health regeneration.
   *Corrode:  It may corrode you when you take damage.
Jewellery
 f - a ring of protection from fire (right fist)
 i - an amulet of the acrobat
 k - the ring of Oqejuarit (left fist) {rElec rPois Str-5 Dex+6 Slay+5}
   (You bought it in a shop on level 1 of the Dungeon)

   [ring of dexterity]

   Str-5:     It affects your strength (-5).
   Dex+6:     It affects your dexterity (+6).
   Slay+5:    It affects your accuracy & damage with ranged weapons and melee
   (+5).
   rElec:     It insulates you from electricity.
   rPois:     It protects you from poison
 u - an amulet of reflection
 v - a ring of see invisible
 F - a ring of fire
 I - a +6 ring of intelligence
 L - a ring of flight
 O - an amulet of regeneration (around neck)
 Q - a ring of protection from cold
 R - a ring of resist corrosion
Talismans
 m - a granite talisman (active)
 y - a dragon-blood talisman
 W - a storm talisman
Wands
 h - a wand of digging (6)
 s - a wand of roots (60)
 z - a wand of mindburst (15)
 D - a wand of flame (89)
 G - a wand of polymorph (23)
 X - a wand of charming (36)
 Z - a wand of quicksilver (48)
Scrolls
 e - 2 scrolls of summoning
 l - 6 scrolls of vulnerability
 q - 10 scrolls of blinking
 t - 5 scrolls of enchant armour
 w - 3 scrolls of silence {!r}
 B - 6 scrolls of fog
 E - 11 scrolls of revelation
 M - 8 scrolls of immolation
 N - 11 scrolls of poison
 S - 3 scrolls of fear
 U - 10 scrolls of teleportation {@r2}
Potions
 b - 4 potions of cancellation
 d - 9 potions of haste {@q3}
 g - 12 potions of enlightenment
 j - 17 potions of curing {@q1}
 n - 8 potions of brilliance
 o - 14 potions of heal wounds {@q2}
 r - 11 potions of might
 x - 11 potions of lignification
 C - 2 potions of invisibility
 H - 7 potions of magic
 K - 6 potions of ambrosia
 P - 8 potions of berserk rage {!q}
 T - 6 potions of attraction
 V - 4 potions of resistance
Miscellaneous
 J - a phantom mirror

Dungeon Overview and Level Annotations

Branches:
Dungeon (15/15)            Temple (1/1) D:4            Lair (5/5) D:11
  Swamp (4/4) Lair:2        Snake (4/4) Lair:3        Slime (0/5) Lair:4
    Orc (2/2) D:12            Elf (3/3) Orc:2        Vaults (5/5) D:14
  Crypt (0/3) Vaults:2     Depths (4/4) D:15            Zot (5/5) Depths:4

Altars:
Ashenzari
Cheibriados
Dithmenos
Elyvilon
Fedhas
Gozag
Hepliaklqana
Kikubaaqudgha
Makhleb
Nemelex Xobeh
Okawaru
Qazlal
Ru
Sif Muna
Trog
Uskayaw
Vehumet
Wu Jian
Xom
Yredelemnul
Zin
The Shining One
Jiyva
Lugonu

Shops:
D:1 =   D:9 =   D:12 :   Orc:2 :(*[   Vaults:2 *   Vaults:4 [   Depths:2 :
Depths:4 =[!

Portals:
Hell: Depths:1 Depths:2 Depths:3 Depths:4
Abyss: Depths:1 Depths:2 Depths:3
Pandemonium: Depths:2
Ziggurat: Depths:4
Trove: D:13 (give 12 potions of heal wounds)

Annotations:
D:4 exclusion: steam dragon
D:6 2 runed translucent doors, exclusion: 2 doors
Vaults:4 exclusion: 2 downstairs
Depths:1 2 transporters, exclusion: moth of wrath, dannycarnage's ghost, adept BaSu
Depths:4 2 transporters, exclusion: downstairs
Zot:1 1 transporter
Zot:3 1 runed translucent door, Aviak's ghost, veteran MfCj
Zot:5 4 transporters, 1 exclusion

#####..#.#.#.## #.....##.#
....##.#.#.#.########'###+##.#
....##.#.#.#.......#.......#.#
....##.#.#.#....>..+.......#.#
....##.#.#.#.......#.⌠.8.⌠.#.#
.........#.#.###'###.......#.#
...>##..##.#.###'###.......#.#
.....##.##.#.##.R.##########.#
.▓░▓..#.##.#.##.8.##########.#
▓..R▓.#...>..##...+..........#
.....▓########################
..∩..▓ .....▓ ▓...▓# #▓▓▓# # #


You could see the friendly Tenoch the battlemage.


Message History

A green death comes into view.
You shoot a bolt. The bolt hits the green death!!
The bolt freezes the green death!
The green death is heavily wounded.
You shoot a bolt. The bolt hits the green death!
The bolt freezes the green death.
The green death is severely wounded.
The green death gestures at you. The blast of poison misses you.
You shoot a bolt. The bolt barely misses the green death.
The green death gestures at you. The blast of poison misses you.
You shoot a bolt. The bolt hits the green death!
The bolt freezes the green death.
The green death is almost dead.
The green death completely misses you. The green death barely misses you.
Use which ability? (? or * to list)
The green death completely misses you. You block the green death's attack.
You shoot a bolt. The bolt hits the green death!!
The bolt freezes the green death.
You kill the green death!
There is a stone staircase leading up here.
You climb upwards.
There is a stone staircase leading down here.
There's nothing to close nearby.
Magic restored.
There is a large open door here.
There is a large open door here.
There is a staircase leading out of the dungeon here.
You have escaped!

Skill      XL: |  1  2  3  4  5  6  7  8  9 10 11 12 13 14 15 16 17 18 19 20 21 22 23 24 25 26 27 |
---------------+----------------------------------------------------------------------------------+-----
Stealth        | 3 |  3.0
Fighting       | 2 3 4 6 7 9 11 12 14 16 17 18 20 22 25 27 | 27.0
Short Blades   | 1 2 3 5 |  5.0
Conjurations   | 4 |  4.0
Dodging        | 4 6 10 11 14 15 17 19 21 23 27 | 27.0
Ranged Weapons | 2 3 7 9 11 13 14 | 14.0
Polearms       | 3 5 12 | 12.0
Invocations    | 6 9 |  9.0
Shapeshifting  | 10 15 17 19 20 22 24 25 | 25.0
Unarmed Combat | 1 10 13 17 18 | 18.7
Shields        | 1 8 10 14 15 16 | 16.7
Spellcasting   | |  2.0

Action                     |  1- 3 |  4- 6 |  7- 9 | 10-12 | 13-15 | 16-18 | 19-21 | 22-24 | 25-27 || total
---------------------------+-------+-------+-------+-------+-------+-------+-------+-------+-------++-------
  Melee: Unarmed           |    22 |       |       |       |       |       |       |   393 |   513 ||   928
         Punch             |     2 |       |     1 |     1 |    16 |     7 |     3 |       |       ||    30
         Whip              |    33 |       |       |       |       |       |       |       |       ||    33
         Rapier            |     1 |    43 |    69 |     5 |       |       |       |       |       ||   118
         Trident           |       |       |       |   162 |   132 |       |       |       |       ||   294
         Spear             |       |       |       |       |   699 |   418 |   249 |       |       ||  1366
         Tailslap          |       |       |       |       |     6 |     1 |       |       |       ||     7
         Headbutt          |       |       |       |       |       |       |       |    32 |   200 ||   232
   Fire: Orcbow            |       |       |    28 |   302 |   672 |   110 |       |       |       ||  1112
         Shortbow          |       |       |       |       |       |   929 |   615 |       |       ||  1544
         Sling             |       |       |       |       |       |       |   678 |   511 |       ||  1189
         Hand cannon       |       |       |       |       |       |       |       |   408 |   604 ||  1012
  Throw: Dart              |       |       |    32 |       |       |       |       |       |       ||    32
   Cast: Magic Dart        |   113 |    96 |    28 |       |       |       |       |       |       ||   237
         Searing Ray       |       |     4 |    49 |    12 |       |       |       |       |       ||    65
 Invoke: Recall Ancestor   |       |       |     5 |    11 |    22 |    16 |     6 |     7 |     9 ||    76
         Ancestor Life: Ba |       |       |       |     1 |       |       |       |       |       ||     1
         Idealise          |       |       |       |       |     2 |     9 |     9 |     6 |    10 ||    36
  Evoke: Wand              |       |       |       |       |     1 |       |     2 |       |     3 ||     6
    Use: Scroll            |       |       |       |       |     3 |    27 |    20 |    11 |     6 ||    67
         Potion            |       |       |       |       |     2 |       |     5 |     9 |     3 ||    19
   Stab: Distracted        |       |       |       |     8 |    17 |    12 |       |     8 |     8 ||    53
         Sleeping          |       |       |       |     1 |     2 |       |       |       |     1 ||     4
         Petrified         |       |       |       |       |     6 |       |       |     1 |       ||     7
         Invisible         |       |       |       |       |       |       |       |     1 |       ||     1
 Armour: Robe              |    69 |    21 |    28 |       |       |       |       |       |       ||   118
         Leather armour    |       |       |    11 |       |       |       |       |       |       ||    11
         Steam dragon scal |       |       |    15 |   112 |   214 |   153 |       |       |       ||   494
         Skin              |       |       |       |       |       |    28 |   456 |   643 |   602 ||  1729
  Dodge: Dodged            |    76 |    30 |   122 |   254 |   960 |   769 |  1742 |  2175 |  1731 ||  7859
  Block: Other             |       |       |       |       |    20 |    11 |       |       |       ||    31
         Reflection        |       |       |       |       |     1 |     6 |       |       |       ||     7
         Buckler           |       |       |       |       |       |       |   178 |   626 |   434 ||  1238
   Form: Statue            |       |       |       |       |       |     3 |     1 |       |       ||     4
                           |       |       |       |       |       |     2 |     1 |       |       ||     3

Levels and vault maps discovered:
D:1:      dpeg_arrival_simpleton_b, layout_basic, nicolae_shop_unique_rings
D:2:      layout_loops_ring, chequers_serial_rivers_large_a
D:3:      layout_basic, wander_ebering_terrifying_dragon_lair
D:4:      layout_cave_pools, minmay_temple_entry_slanted, portal_sewer_entry_d,
          roderic_roman_lattice
D:5:      layout_basic, nicolae_ru_the_path_less_chosen, uniq_duvessa
D:6:      due_chaos_kobolds, layout_loops_ring, uniq_menkaure
D:7:      layout_basic, uniq_jeremiah, uniq_pikel
D:8:      layout_rooms, enter_bailey_3, grunt_ministairs_8, minmay_mini_ossuary,
          uniq_amaemon, uniq_joseph, uniq_prince_ribbit1
D:9:      layout_gridville, serial_shops, nicolae_shop_pleasant_corner_grove
D:10:     minmay_recursive_quarters, layout_irregular_city
D:11:     layout_stronghold, dpeg_oklobed_lair, uniq_erolcha
D:12:     layout_loops_cross, kennysheep_orc_monster_closet_entryway,
          nicolae_shop_i_like_small_books_too, onia_ninara_cookie
D:13:     layout_long_grid, enter_trove_2, uniq_kirke
D:14:     layout_loops_ring, skrybe_vaults_entry_preservation,
          minmay_door_square, uniq_frances
D:15:     grunt_enter_depths_magical_seal, layout_loops_ring, nicolae_wwwww,
          elyvilon_altar_4
Temple:   nicolae_temple_the_god_donut
Lair:1:   layout_regular_city, beast_lair_carwin_5
Lair:2:   layout_small_grid, minmay_swamp_entry_reptiles,
          pdpol_lair_neglected_garden, lemuel_fruit_tree
Lair:3:   layout_cave_pods, minmay_snake_entry_six_corridors,
          nicolae_lair_run_with_the_wolves, uniq_snorg
Lair:4:   layout_regular_city, nicolae_slime_entry_field_trip,
          lemuel_old_faithful
Lair:5:   evilmike_catoblepas_cave, layout_long_grid
Swamp:1:  nicolae_swamp_ascending_descending_big, layout_basic_swamp,
          evilmike_swamp_ruin_rubble_2, uniq_mlioglotl
Swamp:2:  regret_index_all_hallows'_manor, layout_basic_swamp,
          ebering_ghost_funeral_grove, evilmike_swamp_ruin_house_1, uniq_roxanne
Swamp:3:  layout_falls_marsh, infiniplex_staircase_pool_2, swamp_pool_5
Swamp:4:  swamp_alternative, layout_basic_swamp
Snake:1:  layout_onion, nicolae_snake_storage_room
Snake:2:  layout_gridlike, uniq_nikola
Snake:3:  nicolae_aizul_guard, layout_basic
Snake:4:  minmay_snake_end_coiled, layout_cave_town, st_stairs_3,
          grunt_megastairs_1
Orc:1:    layout_caves, minmay_orc_barracks
Orc:2:    st_orc_congregation, layout_diamond_mine, minmay_orc_temple_b
Elf:1:    layout_gridlike, hangedman_elf_disciples, grunt_megastairs_2,
          uniq_azrael
Elf:2:    elven_hall_of_blades_hangedman_alternative
          [infiniplex_blade_entry_pillars], layout_geoelf_octagon,
          gammafunk_ghost_ooze
Elf:3:    grunt_elf_hall_asides, layout_gridlike, basic_altar
Vaults:1: ontoclasm_vaults_ring_large, nicolae_vaults_shrinking_rooms_1,
          v_misc_16, nicolae_vaults_door_testing_chamber, hangedman_vaults_maws,
          nicolae_vaults_trapezoid_lopsided_1, layout_vaults_omnigrid
Vaults:2: v_misc_27, v_misc_33, minmay_crypt_entry_necro_gods,
          nicolae_vaults_surprise_closet, nicolae_vaults_offset_grid_hallway_4,
          v_rooms_1, ontoclasm_vaults_pinch, nicolae_vaults_closet_pinwheel_1,
          nicolae_vaults_hexular_roomagon, ontoclasm_vaults_chip,
          layout_vaults_omnibox, serial_shops, shop, uniq_margery, uniq_donald,
          uniq_sojobo
Vaults:3: nicolae_vaults_tetromino_T_2, nicolae_vaults_offset_grid_hallway_1,
          v_rooms_4, nicolae_vaults_tetromino_Z_1, nicolae_vaults_c_with_doors,
          nicolae_vaults_closet_pinwheel_4, vaults_mumra_hex,
          nicolae_vaults_heart-shaped_vault, layout_vaults_chaotic_city
Vaults:4: v_misc_31, v_misc_1, nicolae_vaults_trapezoid_lopsided_4, v_misc_17,
          vaults_mumra_chevron_long, nicolae_vaults_more_shelving_2,
          nicolae_vaults_network_quinsquares
          [nicolae_vaults_network_quincunx_subvault,
          nicolae_vaults_network_quincunx_subvault,
          nicolae_vaults_network_quincunx_subvault,
          nicolae_vaults_network_quincunx_subvault],
          nicolae_vaults_closet_pinwheel_6, nicolae_vaults_little_squares_4,
          nicolae_vaults_surprise_closet, vaults_dpeg_encased_lava,
          nicolae_vaults_big_angled_halls, vaults_room_hangedman_quadrants,
          nicolae_vaults_trapezoid_4, vaults_room_pool,
          layout_vaults_maze_bifur, serial_shops, shop
Vaults:5
Depths:1: layout_forbidden_donut, gammafunk_ghost_abyssal_escape,
          lightli_too_deep, tgw_trog, uniq_saint_roka
Depths:2: regret_index_makhleb_lecture_halls, layout_gridlike, serial_shops,
          nicolae_shop_behind_doors, hell_entry, rand_demon_pan_entry_4,
          abyss_entry, minmay_staircase_statues,
          onia_ninara_dug_in_and_dangerous
Depths:3: regret_index_uskayaw_diablada_macabre, layout_cave_pools,
          hangedman_geh_valley, chequers_serial_rivers_marsh,
          abyss_entry_flame_altar
Depths:4: grunt_zot_entry_pinwheel, layout_basic, enter_ziggurat_d,
          nicolae_gozag_seed_capital, hell_entry, minmay_gold_behind_fungi,
          nicolae_diode_intersection, minmay_shop_star, serial_bayou_shore_b
Zot:1:    gammafunk_sealed_library, layout_basic, st_stairs_11,
          regret_index_zotdec_icy_dp, bh_zot_ikea_curve, lemuel_golem_globe
Zot:2:    kennysheep_spiral_hall, layout_cellular_growth,
          ebering_ghost_rock_garden, regret_index_zotdec_slimy_original
Zot:3:    layout_gridlike, ebering_ghost_xom, regret_index_zotdec_iron_s,
          st_single_dragon_hoard_3
Zot:4:    layout_gridlike, hangedman_zot_diagonal_lockstep
Zot:5:    layout_twisted_circle, nicolae_transporter_intersection

Notes
Turn   | Place    | Note
-------+----------+-------------------------------------------
     0 | D:1      | kaychamo the Merfolk Conjurer began the quest for the Orb.
     0 | D:1      | Reached XP level 1. HP: 13/13 MP: 3/3
   343 | D:1      | Found Kinomix's One-of-a-Kind Rings.
   482 | D:1      | Reached skill level 3 in Stealth
   482 | D:1      | Reached XP level 2. HP: 10/20 MP: 0/5
   650 | D:1      | Reached skill level 1 in Fighting
  1465 | D:2      | Reached skill level 2 in Fighting
  1606 | D:2      | Reached XP level 3. HP: 27/27 MP: 2/6
  2813 | D:3      | Learned a level 2 spell: Searing Ray
  2873 | D:3      | Reached skill level 1 in Short Blades
  2873 | D:3      | Reached XP level 4. HP: 32/33 MP: 1/7
  3457 | D:3      | Reached skill level 2 in Short Blades
  3457 | D:3      | Reached skill level 4 in Conjurations
  3603 | D:3      | Reached XP level 5. HP: 38/38 MP: 1/8
  3813 | D:3      | Reached skill level 3 in Short Blades
  4237 | D:4      | Noticed a black bear
  4313 | D:4      | Reached skill level 3 in Fighting
  4449 | D:4      | Reached skill level 3 in Dodging
  4455 | D:4      | Reached skill level 4 in Dodging
  4455 | D:4      | Reached XP level 6. HP: 26/47 MP: 1/9
  4546 | D:4      | Found a staircase to the Ecumenical Temple.
  4564 | Temple   | Entered the Ecumenical Temple
  4575 | Temple   | Became a worshipper of Hepliaklqana the Forgotten
  4850 | D:4      | Reached skill level 4 in Short Blades
  4902 | D:4      | Reached skill level 4 in Fighting
  4998 | D:4      | Reached skill level 5 in Short Blades
  4998 | D:4      | Reached XP level 7. HP: 13/54 MP: 1/10
  5160 | D:4      | Reached skill level 5 in Dodging
  5340 | D:4      | Noticed a steam dragon
  5365 | D:4      | Identified the +0 flail "Egilon" {antimagic, Str+3}
  5416 | D:4      | Reached skill level 6 in Dodging
  5919 | D:4      | Found a staircase to the Ecumenical Temple.
  6349 | D:5      | Entered Level 5 of the Dungeon
  6512 | D:5      | Reached skill level 5 in Fighting
  6740 | D:5      | Noticed Duvessa
  6740 | D:5      | Noticed Dowan
  6750 | D:5      | Killed Duvessa
  6751 | D:5      | Reached skill level 6 in Fighting
  6751 | D:5      | Reached XP level 8. HP: 53/64 MP: 1/11
  6792 | D:5      | Killed Dowan
  7161 | D:5      | Reached skill level 7 in Fighting
  7261 | D:5      | Reached * piety under Hepliaklqana
  7271 | D:5      | Reached skill level 7 in Dodging
  7651 | D:5      | Found a sacrificial altar of Ru.
  8293 | D:6      | Reached skill level 8 in Dodging
  8665 | D:6      | Noticed Menkaure
  8712 | D:6      | Killed Menkaure
  8713 | D:6      | Reached skill level 9 in Dodging
  8840 | D:6      | Reached skill level 10 in Dodging
  8840 | D:6      | Reached XP level 9. HP: 53/64 MP: 6/12
  9076 | D:6      | Found a large runed translucent door.
  9076 | D:6      | Found a large runed translucent door.
  9078 | D:6      | Found a shimmering altar of Xom.
  9357 | D:7      | Noticed Pikel
  9996 | D:7      | Reached skill level 1 in Ranged Weapons
 10051 | D:7      | Reached skill level 8 in Fighting
 10079 | D:7      | Reached skill level 2 in Ranged Weapons
 10369 | D:7      | Reached skill level 9 in Fighting
 10516 | D:7      | Noticed Jeremiah
 10540 | D:7      | Killed Jeremiah
 10624 | D:7      | Reached skill level 11 in Dodging
 10880 | D:7      | Killed Pikel
 10881 | D:7      | Reached skill level 3 in Polearms
 10881 | D:7      | Reached XP level 10. HP: 74/74 MP: 2/13
 11035 | D:7      | Reached skill level 4 in Polearms
 11162 | D:8      | Reached skill level 12 in Dodging
 11272 | D:8      | Noticed Amaemon
 11273 | D:8      | Reached ** piety under Hepliaklqana
 11273 | D:8      | Noticed an orange demon
 11274 | D:8      | Remembered your ancestor Tenoch as a battlemage
 11339 | D:8      | Noticed Prince Ribbit
 11364 | D:7      | Killed Amaemon
 11365 | D:7      | Reached skill level 5 in Polearms
 11502 | D:8      | Killed an orange demon
 11503 | D:8      | Reached skill level 10 in Fighting
 11512 | D:8      | Killed Prince Ribbit
 11646 | D:8      | Reached skill level 13 in Dodging
 11663 | D:8      | Noticed Joseph
 11822 | D:8      | Killed Joseph
 12377 | D:9      | Reached skill level 14 in Dodging
 12560 | D:9      | Found Kaubleym's Jewellery Shop.
 13010 | D:9      | Reached skill level 11 in Fighting
 13010 | D:9      | Reached XP level 11. HP: 83/83 MP: 14/14
 13108 | D:9      | Identified the +0 plate armour of Courage {*Slow rC++
                  | Dex+4}
 13390 | D:10     | Entered Level 10 of the Dungeon
 13401 | D:10     | Noticed a two-headed ogre
 13413 | D:10     | Killed a two-headed ogre
 13414 | D:10     | Reached skill level 12 in Fighting
 13414 | D:10     | Reached skill level 1 in Invocations
 13422 | D:10     | Reached skill level 2 in Invocations
 13534 | D:10     | Reached skill level 3 in Invocations
 13726 | D:10     | Reached *** piety under Hepliaklqana
 13812 | D:10     | Reached skill level 4 in Invocations
 13832 | D:10     | Reached skill level 15 in Dodging
 14051 | D:10     | Reached skill level 5 in Invocations
 14192 | D:10     | Noticed a purple ugly thing
 14314 | D:10     | Killed a purple ugly thing
 14577 | D:11     | Found a staircase to the Lair.
 14577 | D:11     | Noticed an oklob plant
 14582 | D:11     | Noticed an oklob plant
 14617 | D:11     | Noticed a two-headed ogre
 14622 | D:11     | Killed a two-headed ogre
 14690 | D:11     | Reached skill level 6 in Invocations
 14927 | D:11     | Reached XP level 12. HP: 91/91 MP: 16/16
 14962 | D:11     | Noticed Erolcha
 14990 | D:11     | Killed Erolcha
 14991 | D:11     | Reached skill level 16 in Dodging
 14991 | D:11     | Reached skill level 7 in Invocations
 15499 | D:11     | Noticed a two-headed ogre
 15786 | D:11     | Reached skill level 8 in Invocations
 16446 | D:11     | Killed a two-headed ogre
 16447 | D:11     | Reached skill level 9 in Invocations
 16805 | Lair:1   | Entered Level 1 of the Lair of Beasts
 16896 | Lair:1   | Reached **** piety under Hepliaklqana
 17072 | Lair:1   | Reached skill level 13 in Fighting
 17605 | Lair:1   | Reached skill level 14 in Fighting
 18009 | Lair:2   | Found a staircase to the Swamp.
 18308 | Lair:2   | Reached skill level 17 in Dodging
 18308 | Lair:2   | Reached XP level 13. HP: 101/101 MP: 19/19
 18700 | Lair:2   | Reached skill level 18 in Dodging
 18769 | Lair:2   | Reached ***** piety under Hepliaklqana
 19155 | D:1      | Bought the ring of Oqejuarit {rElec rPois Str-5 Dex+6
                  | Slay+5} for 647 gold pieces
 20471 | Lair:3   | Found a staircase to the Snake Pit.
 20581 | Lair:3   | Reached skill level 19 in Dodging
 20780 | Lair:3   | Noticed Snorg
 20789 | Lair:3   | Killed Snorg
 21309 | Lair:3   | Found a staircase to the Snake Pit.
 21401 | Lair:3   | Reached skill level 15 in Fighting
 22564 | Lair:4   | Identified the +4 spear "Lacrenn" {drain, Int+3}
 22948 | Lair:4   | Found a staircase to the Slime Pits.
 22952 | Lair:4   | Found a viscous altar of Jiyva.
 23216 | Lair:5   | Entered Level 5 of the Lair of Beasts
 23227 | Lair:4   | Reached skill level 16 in Fighting
 23379 | Lair:5   | Reached XP level 14. HP: 111/112 MP: 20/20
 23398 | Lair:5   | Reached skill level 6 in Polearms
 23495 | Lair:5   | Identified the +2 robe of Seeq {*Slow rC+ Str+6 Int+4}
 23580 | Lair:4   | Reached skill level 7 in Polearms
 23972 | Lair:5   | Reached skill level 8 in Polearms
 23972 | Lair:5   | Reached skill level 20 in Dodging
 24388 | Lair:5   | Reached skill level 9 in Polearms
 24929 | Lair:5   | Reached skill level 10 in Polearms
 25939 | Lair:5   | Reached skill level 21 in Dodging
 26059 | Lair:4   | Reached skill level 11 in Polearms
 26273 | Lair:5   | Reached skill level 12 in Polearms
 26394 | Lair:4   | Reached XP level 15. HP: 106/117 MP: 21/21
 26654 | Lair:5   | Identified the staff of Diats {rElec Stlth+ Ice Air
                  | Alchemy}
 27202 | D:12     | Reached skill level 17 in Fighting
 27603 | D:12     | Found a staircase to the Orcish Mines.
 27627 | D:12     | Found Anuefi's Tiny Tomes.
 28096 | D:12     | Reached skill level 22 in Dodging
 28503 | Orc:1    | Entered Level 1 of the Orcish Mines
 29137 | Orc:2    | Entered Level 2 of the Orcish Mines
 29408 | Orc:2    | Found a staircase to the Elven Halls.
 29713 | Orc:2    | Noticed an orc warlord
 29731 | Orc:2    | Reached skill level 23 in Dodging
 30234 | Orc:2    | Killed an orc warlord
 30606 | Orc:2    | Found Zanaof's Antique Armour Shoppe.
 30607 | Orc:2    | Found Miuss's Antique Weapon Shoppe.
 30609 | Orc:2    | Found Zousa's General Store.
 30609 | Orc:2    | Found Hucaxkud's Book Emporium.
 30614 | Orc:2    | Bought a potion of curing for 36 gold pieces
 31656 | D:13     | Noticed Kirke
 31674 | D:13     | Reached XP level 16. HP: 126/126 MP: 19/22
 31693 | D:13     | Reached skill level 24 in Dodging
 31932 | D:13     | Reached ****** piety under Hepliaklqana
 32095 | D:13     | Found a portal to a secret trove of treasure.
 32255 | D:13     | Identified the +0 buckler "Ylajuaw" {*Corrode rC+ Regen+}
 32266 | D:13     | Killed Kirke
 33272 | D:14     | Noticed Frances
 33278 | D:14     | Killed Frances
 33281 | D:14     | Reached skill level 25 in Dodging
 34046 | D:14     | Found a gate to the Vaults.
 34305 | D:15     | Entered Level 15 of the Dungeon
 34662 | D:15     | Reached skill level 26 in Dodging
 35029 | D:15     | Found a white marble altar of Elyvilon.
 35823 | D:15     | Found a staircase to the Depths.
 36003 | Snake:1  | Entered Level 1 of the Snake Pit
 36491 | Snake:1  | Reached skill level 27 in Dodging
 36621 | Snake:1  | Noticed a nagaraja
 36626 | Snake:1  | Killed a nagaraja
 36628 | Snake:1  | Noticed a nagaraja
 36640 | Snake:1  | Reached skill level 3 in Ranged Weapons
 36640 | Snake:1  | Reached XP level 17. HP: 132/132 MP: 21/23
 36902 | Snake:1  | Reached skill level 4 in Ranged Weapons
 37307 | Snake:1  | Reached skill level 5 in Ranged Weapons
 38329 | Snake:2  | Reached skill level 1 in Shapeshifting
 38486 | Snake:2  | Reached skill level 6 in Ranged Weapons
 38566 | Snake:2  | Reached skill level 2 in Shapeshifting
 38600 | Snake:2  | Noticed Nikola
 38690 | Snake:2  | Killed Nikola
 38908 | Snake:2  | Reached skill level 3 in Shapeshifting
 39347 | Snake:2  | Identified the +2 leather armour of Wu Jian's Hope {Rampage
                  | rCorr MP+9}
 40147 | Snake:3  | Reached skill level 7 in Ranged Weapons
 40182 | Snake:3  | Reached skill level 4 in Shapeshifting
 40521 | Snake:3  | Reached skill level 5 in Shapeshifting
 40873 | Snake:3  | Reached skill level 6 in Shapeshifting
 41086 | Snake:3  | Reached skill level 7 in Shapeshifting
 41940 | Snake:3  | Identified the serpent talisman of the Shrike {rF+}
 41940 | Snake:3  | Noticed Aizul
 42092 | Snake:3  | Reached skill level 8 in Shapeshifting
 42262 | Snake:3  | Reached skill level 9 in Shapeshifting
 42735 | Snake:3  | Killed Aizul
 42818 | Snake:3  | Reached skill level 10 in Shapeshifting
 42966 | Snake:3  | Reached XP level 18. HP: 138/138 MP: 24/24
 43111 | Snake:3  | Reached skill level 11 in Shapeshifting
 44346 | Snake:4  | Entered Level 4 of the Snake Pit
 44410 | Snake:4  | Reached skill level 12 in Shapeshifting
 45670 | Snake:4  | Reached skill level 13 in Shapeshifting
 46135 | Snake:4  | Reached skill level 14 in Shapeshifting
 47001 | Snake:4  | Reached skill level 15 in Shapeshifting
 47227 | Snake:4  | Got a serpentine rune of Zot
 47658 | Swamp:1  | Entered Level 1 of the Swamp
 47864 | Swamp:1  | Identified a scroll of acquirement
 47865 | Swamp:1  | Acquired the +0 helmet of the Red Skies {Rampage Will+
                  | Int+5}
 48060 | Swamp:1  | Noticed Mlioglotl
 48068 | Swamp:1  | Killed Mlioglotl
 49251 | Swamp:2  | Noticed Roxanne
 49272 | Swamp:2  | Killed Roxanne
 49273 | Swamp:2  | Reached XP level 19. HP: 144/144 MP: 25/25
 49343 | Swamp:2  | Reached skill level 16 in Shapeshifting
 49570 | Swamp:2  | Found a runed translucent door.
 49572 | Swamp:2  | Noticed Nilihum's ghost (adept TrSh)
 49573 | Swamp:2  | Noticed a tentacled monstrosity
 49575 | Swamp:2  | Identified the +7 spear "Kauc" {speed, ^Contam Int+2 Dex+3}
 49584 | Swamp:2  | Identified 4 potions of resistance
 49650 | Swamp:2  | Reached skill level 8 in Ranged Weapons
 50456 | Swamp:4  | Entered Level 4 of the Swamp
 50468 | Swamp:4  | Reached skill level 18 in Fighting
 50960 | Swamp:4  | Reached skill level 9 in Ranged Weapons
 50984 | Swamp:4  | Reached skill level 17 in Shapeshifting
 51115 | Swamp:4  | Got a decaying rune of Zot
 51957 | Swamp:2  | Killed a tentacled monstrosity
 52171 | Swamp:2  | Killed Nilihum's ghost
 52236 | Swamp:2  | Identified the +5 war axe of Ludeet {protect, ^Fragile rN+
                  | Dex+5}
 52820 | Vaults:1 | Entered Level 1 of the Vaults
 53092 | Vaults:1 | Reached XP level 20. HP: 154/154 MP: 26/26
 53235 | Vaults:1 | Reached skill level 19 in Fighting
 53248 | Vaults:1 | Reached skill level 10 in Ranged Weapons
 53484 | Vaults:1 | Reached skill level 18 in Shapeshifting
 54555 | Vaults:2 | Found Xucadd's General Store.
 54708 | Vaults:2 | Identified the +2 hand axe "Bismed" {freeze, rElec}
 55304 | Vaults:2 | Found a staircase to the Crypt.
 55304 | Vaults:2 | Found an ancient bone altar of Kikubaaqudgha.
 55305 | Vaults:2 | Found a basalt altar of Yredelemnul.
 55402 | Vaults:2 | Noticed Donald
 55407 | Vaults:2 | Killed Donald
 55428 | Vaults:2 | Noticed Sojobo
 55441 | Vaults:2 | Paralysed by an air elemental for 1 turns
 55455 | Vaults:2 | Paralysed by an air elemental for 1 turns
 55517 | Vaults:2 | Reached skill level 11 in Ranged Weapons
 55594 | Vaults:2 | Paralysed by an air elemental for 1 turns
 55596 | Vaults:2 | Killed Sojobo
 55750 | Vaults:2 | Noticed Margery
 55760 | Vaults:2 | Reached skill level 19 in Shapeshifting
 55873 | Vaults:2 | Killed Margery
 55972 | Vaults:2 | Reached skill level 20 in Fighting
 56464 | Vaults:3 | Reached skill level 1 in Unarmed Combat
 56501 | Vaults:3 | Reached skill level 1 in Shields
 56507 | Vaults:3 | Reached XP level 21. HP: 164/164 MP: 27/27
 56524 | Vaults:3 | Reached skill level 2 in Unarmed Combat
 56530 | Vaults:3 | Reached skill level 2 in Shields
 56775 | D:9      | Bought a ring of protection from fire for 325 gold pieces
 57019 | Vaults:3 | Reached skill level 3 in Unarmed Combat
 57188 | Vaults:3 | Reached skill level 3 in Shields
 57476 | Vaults:3 | Reached skill level 4 in Unarmed Combat
 57781 | Vaults:3 | Reached skill level 4 in Shields
 57799 | Vaults:3 | Reached skill level 5 in Unarmed Combat
 57813 | Vaults:3 | Reached skill level 5 in Shields
 57846 | Vaults:3 | Reached skill level 6 in Unarmed Combat
 58485 | Vaults:4 | Reached skill level 7 in Unarmed Combat
 58601 | Vaults:4 | Reached skill level 8 in Unarmed Combat
 58856 | Vaults:4 | Reached skill level 9 in Unarmed Combat
 59215 | Vaults:4 | Reached skill level 6 in Shields
 59312 | Vaults:4 | Reached skill level 10 in Unarmed Combat
 59344 | Vaults:4 | Reached skill level 7 in Shields
 59760 | Vaults:4 | Found Acral's Armour Shop.
 60272 | Elf:1    | Entered Level 1 of the Elven Halls
 60719 | Elf:1    | Noticed Azrael
 60721 | Elf:1    | Killed Azrael
 61861 | Elf:2    | Found the +6 lightning scales {swift, rElec}
 61871 | Elf:2    | Reached skill level 8 in Shields
 61894 | Elf:2    | Found a huge runed translucent gate.
 61894 | Elf:2    | Found a huge runed translucent gate.
 61894 | Elf:2    | Found a huge runed translucent gate.
 61894 | Elf:2    | Found a huge runed translucent gate.
 61895 | Elf:2    | Found a huge runed translucent gate.
 61924 | Elf:2    | Reached XP level 22. HP: 171/171 MP: 28/28
 62557 | Elf:2    | Reached skill level 9 in Shields
 62763 | Elf:2    | Found a runed translucent gate.
 62763 | Elf:2    | Found a runed translucent gate.
 62763 | Elf:2    | Found a runed translucent gate.
 62776 | Elf:2    | Noticed Pesoemm's ghost (journeyman DsFi)
 62783 | Elf:2    | Found a viscous altar of Jiyva.
 62844 | Elf:1    | Reached skill level 12 in Ranged Weapons
 62955 | Elf:2    | Killed Pesoemm's ghost
 62989 | Elf:2    | Identified the +0 pair of gloves of Grim Mirth {rN+ Int+5}
 63052 | Elf:2    | Reached skill level 11 in Unarmed Combat
 63180 | Elf:3    | Entered Level 3 of the Elven Halls
 63516 | Elf:3    | Reached skill level 20 in Shapeshifting
 63672 | Elf:3    | Reached skill level 10 in Shields
 63673 | Elf:3    | Found a shimmering blue altar of Sif Muna.
 63960 | Elf:3    | Identified the ring of Attitude {AC+4 Dex+2}
 64281 | Elf:3    | Identified the +2 broad axe "Luev" {speed, Will+ Int+2
                  | SInv}
 64315 | Elf:3    | Identified the +4 dagger of the Land of Plenty {pain,
                  | Int+5}
 64320 | Elf:3    | Reached skill level 12 in Unarmed Combat
 64382 | Elf:3    | Identified the +8 rapier of Malum Prohibitum {vamp, rF- rN+
                  | Int+3 Dex+2}
 64382 | Elf:3    | Identified the +0 plate armour "Nontihis" {rCorr Str+2
                  | Stlth-}
 64412 | Elf:3    | Identified the +0 chain mail of Ulibuonn {Str+7 Int-3}
 64419 | Elf:3    | Identified the staff of Temperance {MP+9 Earth}
 65343 | Depths:1 | Entered Level 1 of the Depths
 65440 | Depths:1 | Noticed a profane servitor
 65442 | Depths:1 | Noticed an ancient lich
 65458 | Depths:1 | Reached skill level 13 in Ranged Weapons
 65639 | Depths:1 | Found a one-way gate to the infinite horrors of the Abyss.
 65698 | Depths:1 | Reached skill level 13 in Unarmed Combat
 65698 | Depths:1 | Reached XP level 23. HP: 176/176 MP: 29/29
 65934 | Depths:1 | Found a transporter.
 65937 | Depths:1 | Found a transporter.
 66006 | Depths:1 | Noticed Saint Roka
 66012 | Depths:1 | Killed Saint Roka
 66134 | Depths:1 | Found a gateway to Hell.
 66246 | Depths:1 | Found a bloodstained altar of Trog.
 66689 | Depths:1 | Noticed dannycarnage's ghost (adept BaSu)
 66712 | Depths:1 | Found a one-way gate to the infinite horrors of the Abyss.
 66729 | Depths:1 | Found a transporter.
 66732 | Depths:1 | Found a transporter.
 66921 | Depths:1 | Found a gateway to Hell.
 67039 | Depths:2 | Reached skill level 14 in Unarmed Combat
 67471 | Depths:2 | You fall into a shaft and drop 2 floors!
 67471 | Depths:4 | Entered Level 4 of the Depths
 67502 | Depths:4 | Reached skill level 14 in Ranged Weapons
 67513 | Depths:4 | Found Ysteff's Distillery.
 67515 | Depths:4 | Found Zyagga Tuxt's Antique Armour Boutique.
 67518 | Depths:4 | Found Ynuiduma's Jewellery Shop.
 67521 | Depths:4 | Bought 2 potions of invisibility for 256 gold pieces
 67521 | Depths:4 | Bought a potion of resistance for 160 gold pieces
 67531 | Depths:4 | Found an opulent altar of Gozag.
 67538 | Depths:4 | Noticed a golden dragon
 67548 | Depths:4 | Killed a golden dragon
 67641 | Depths:4 | Noticed a dread lich
 67907 | Depths:4 | Found a transporter.
 67932 | Depths:4 | Reached skill level 15 in Unarmed Combat
 67933 | Depths:4 | Found a transporter.
 68035 | Depths:4 | Found a one-way gateway to a ziggurat.
 68358 | Depths:4 | Found a transporter.
 68500 | Depths:4 | Reached skill level 16 in Unarmed Combat
 68674 | Depths:4 | Found a gate to the Realm of Zot.
 68878 | Depths:3 | Found a corrupted altar of Lugonu.
 69266 | Depths:2 | Found a burning altar of Makhleb.
 69341 | Depths:2 | Reached skill level 17 in Unarmed Combat
 69880 | Depths:2 | Reached XP level 24. HP: 183/183 MP: 29/29
 69909 | Depths:2 | Identified the +1 demon trident of the Disturbing Friars
                  | {flame, Str+3 Dex+6}
 69956 | Depths:2 | Lost strength.
 69956 | Depths:2 | Gained mutation: You are weak. (Str -2) [a cacodemon]
 69960 | Depths:2 | Gained mutation: You occasionally shout uncontrollably at
                  | your foes. [a cacodemon]
 69961 | Depths:2 | Gained mutation: Your body sometimes deteriorates upon
                  | taking damage. [a cacodemon]
 69963 | Depths:2 | Gained mutation: Your health recovers twice as slowly from
                  | being drained. [a cacodemon]
 69964 | Depths:2 | Reached skill level 21 in Shapeshifting
 69967 | Depths:2 | Gained mutation: You occasionally lose the ability to drink
                  | potions when taking damage. [a cacodemon]
 69971 | Depths:2 | Gained mutation: You frequently scream uncontrollably at
                  | your foes. [a cacodemon]
 70204 | Depths:2 | Lost mutation: Your health recovers twice as slowly from
                  | being drained. [potion of mutation]
 70204 | Depths:2 | Lost mutation: You frequently scream uncontrollably at your
                  | foes. [potion of mutation]
 70204 | Depths:2 | Lost mutation: You are weak. (Str -2) [potion of mutation]
 70204 | Depths:2 | Lost mutation: You occasionally lose the ability to drink
                  | potions when taking damage. [potion of mutation]
 70204 | Depths:2 | Gained mutation: You are vulnerable to cold. (rC-) [potion
                  | of mutation]
 70204 | Depths:2 | Gained mutation: You have sharp fingernails. [potion of
                  | mutation]
 70206 | Depths:2 | Lost mutation: You have sharp fingernails. [potion of
                  | mutation]
 70206 | Depths:2 | Lost mutation: You occasionally shout uncontrollably at
                  | your foes. [potion of mutation]
 70206 | Depths:2 | Gained mutation: Your flesh is heat resistant. (rF+)
                  | [potion of mutation]
 70206 | Depths:2 | Gained mutation: You occasionally lose the ability to drink
                  | potions when taking damage. [potion of mutation]
 70206 | Depths:2 | Gained mutation: You sometimes lose the ability to drink
                  | potions when taking damage. [potion of mutation]
 70206 | Depths:2 | Gained mutation: Your spells are a little harder to cast,
                  | but a little more powerful. [potion of mutation]
 70207 | Depths:2 | Lost mutation: Your flesh is heat resistant. (rF+) [potion
                  | of mutation]
 70207 | Depths:2 | Lost mutation: You are vulnerable to cold. (rC-) [potion of
                  | mutation]
 70207 | Depths:2 | Gained mutation: Your body often deteriorates upon taking
                  | damage. [potion of mutation]
 70208 | Depths:2 | Lost mutation: Your body often deteriorates upon taking
                  | damage. [potion of mutation]
 70208 | Depths:2 | Lost mutation: Your spells are a little harder to cast, but
                  | a little more powerful. [potion of mutation]
 70208 | Depths:2 | Lost mutation: You sometimes lose the ability to drink
                  | potions when taking damage. [potion of mutation]
 70208 | Depths:2 | Gained mutation: You have a pair of small horns on your
                  | head. [potion of mutation]
 70208 | Depths:2 | Gained mutation: Your muscles are strong. (Str +4, Int/Dex
                  | -1) [potion of mutation]
 70208 | Depths:2 | Gained mutation: Your mind is acute. (Int +4, Str/Dex -1)
                  | [potion of mutation]
 70211 | Depths:2 | Identified the +10 demon blade "Qud Laun" {venom, rPois
                  | Str+3}
 70369 | Depths:2 | Found Senlatath's Book Emporium.
 70465 | Depths:2 | Found a one-way gate leading to the halls of Pandemonium.
 71010 | Depths:4 | Found a transporter.
 71049 | Depths:3 | Found a hide-covered altar of Uskayaw.
 71531 | Vaults:5 | Entered Level 5 of the Vaults
 71540 | Vaults:5 | Reached skill level 22 in Shapeshifting
 71701 | Vaults:5 | Reached skill level 21 in Fighting
 71756 | Vaults:5 | Noticed an ancient lich
 71757 | Vaults:5 | Noticed an ancient lich
 71763 | Vaults:5 | Killed an ancient lich
 71764 | Vaults:5 | Killed an ancient lich
 72027 | Vaults:5 | Noticed an ancient lich
 72031 | Vaults:5 | Killed an ancient lich
 72032 | Vaults:5 | Reached skill level 22 in Fighting
 72249 | Vaults:5 | Got Sif Muna's Quarto of Fever
 72252 | Vaults:5 | Noticed a dread lich
 72263 | Vaults:5 | Killed a dread lich
 72317 | Vaults:5 | Identified the amulet "Giafukus" {Spirit rElec rF- Str+3
                  | Stlth+}
 72330 | Vaults:5 | Got a silver rune of Zot
 72487 | Vaults:5 | Reached XP level 25. HP: 190/190 MP: 29/29
 72566 | Vaults:5 | Reached skill level 11 in Shields
 72787 | Vaults:5 | Reached skill level 23 in Shapeshifting
 72914 | Vaults:5 | Noticed a dread lich
 72914 | Vaults:5 | Paralysed by a dread lich for 4 turns
 72923 | Vaults:5 | Killed a dread lich
 72979 | Vaults:5 | Noticed an ancient lich
 72983 | Vaults:5 | Killed an ancient lich
 72984 | Vaults:5 | Reached skill level 12 in Shields
 72985 | Vaults:5 | Noticed a dread lich
 72996 | Vaults:5 | Killed a dread lich
 73097 | Vaults:5 | Identified the +6 war axe of Lotiet {drain, rN++ Int+3}
 73222 | Vaults:5 | Identified the ring of Idealism {rF- rN+ Dex+5 SInv}
 73837 | Zot:1    | Entered Level 1 of the Realm of Zot
 73840 | Zot:1    | Noticed an electric golem
 73841 | Zot:1    | Noticed an electric golem
 73854 | Zot:1    | Noticed an orb of fire
 73860 | Zot:1    | Gained mutation: You occasionally lose the ability to read
                  | scrolls when taking damage. [an orb of fire]
 73870 | Depths:4 | Gained mutation: You sometimes lose the ability to drink
                  | potions when taking damage. [an orb of fire]
 73876 | Depths:4 | Lost mutation: Your muscles are strong. (Str +4, Int/Dex
                  | -1) [an orb of fire]
 73877 | Depths:4 | Killed an orb of fire
 73946 | Zot:1    | Noticed an electric golem
 74024 | Zot:1    | Killed an electric golem
 74028 | Zot:1    | Killed an electric golem
 74029 | Zot:1    | Reached skill level 13 in Shields
 74110 | Zot:1    | Killed an electric golem
 74201 | Zot:1    | Noticed an orb of fire
 74211 | Zot:1    | Lost mutation: Your body sometimes deteriorates upon taking
                  | damage. [potion of mutation]
 74211 | Zot:1    | Lost mutation: You sometimes lose the ability to drink
                  | potions when taking damage. [potion of mutation]
 74211 | Zot:1    | Gained mutation: You have supernaturally acute eyesight.
                  | (SInv) [potion of mutation]
 74211 | Zot:1    | Gained mutation: Your movements are slightly less
                  | encumbered by armour. (ER -2) [potion of mutation]
 74211 | Zot:1    | Gained mutation: You have a pair of horns on your head.
                  | [potion of mutation]
 74247 | Zot:1    | Reached skill level 24 in Shapeshifting
 74280 | Zot:1    | Found a radiant altar of Vehumet.
 74327 | Zot:1    | Noticed an ancient lich
 74512 | Zot:1    | Found a transporter.
 74890 | Zot:1    | Noticed an ancient lich
 75057 | Zot:1    | Found a transporter.
 75060 | Zot:1    | Found a radiant altar of Vehumet.
 75256 | Zot:1    | Reached skill level 14 in Shields
 75547 | Zot:2    | Reached XP level 26. HP: 201/201 MP: 29/29
 75863 | Zot:2    | Noticed an electric golem
 75896 | Zot:2    | Reached skill level 25 in Shapeshifting
 75902 | Zot:2    | Reached skill level 15 in Shields
 75927 | Zot:2    | Killed an electric golem
 76104 | Zot:2    | Found a viscous altar of Jiyva.
 76278 | Zot:2    | Found a runed translucent gate.
 76278 | Zot:2    | Found a runed translucent gate.
 76278 | Zot:2    | Noticed Emnejil's ghost (master VSBe)
 76279 | Zot:2    | Found a runed translucent gate.
 76310 | Zot:2    | Killed Emnejil's ghost
 76790 | Zot:3    | Noticed a curse toe
 76956 | Zot:3    | Killed a curse toe
 77152 | Zot:3    | Lost mutation: You have a pair of horns on your head.
                  | [potion of mutation]
 77152 | Zot:3    | Lost mutation: You occasionally lose the ability to drink
                  | potions when taking damage. [potion of mutation]
 77152 | Zot:3    | Lost mutation: You have supernaturally acute eyesight.
                  | (SInv) [potion of mutation]
 77152 | Zot:3    | Lost mutation: Your mind is acute. (Int +4, Str/Dex -1)
                  | [potion of mutation]
 77152 | Zot:3    | Gained mutation: Your spells are a little harder to cast,
                  | but a little more powerful. [potion of mutation]
 77152 | Zot:3    | Lost mutation: Your spells are a little harder to cast, but
                  | a little more powerful. [potion of mutation]
 77152 | Zot:3    | Gained mutation: Your flesh is heat resistant. (rF+)
                  | [potion of mutation]
 77306 | Zot:3    | Reached skill level 23 in Fighting
 77449 | Zot:3    | Noticed a Killer Klown
 77470 | Zot:3    | Killed a Killer Klown
 77833 | Zot:3    | Noticed a curse toe
 77840 | Zot:3    | Killed a curse toe
 78075 | Zot:3    | Found a runed translucent door.
 78075 | Zot:3    | Found a shimmering altar of Xom.
 78075 | Zot:3    | Noticed Aviak's ghost (veteran MfCj)
 79174 | Zot:4    | Noticed a curse toe
 79178 | Zot:4    | Killed a curse toe
 79189 | Zot:4    | Reached skill level 24 in Fighting
 79415 | Zot:4    | Noticed a curse toe
 79419 | Zot:4    | Killed a curse toe
 80016 | Zot:4    | Noticed a curse toe
 80019 | Zot:4    | Killed a curse toe
 80072 | Zot:4    | Noticed a curse toe
 80077 | Zot:4    | Killed a curse toe
 80167 | Zot:4    | Noticed a curse toe
 80316 | Zot:4    | Killed a curse toe
 81190 | Zot:5    | Entered Level 5 of the Realm of Zot
 81190 | Zot:5    | Found a transporter.
 81268 | Zot:5    | Found a transporter.
 81296 | Zot:5    | Found a transporter.
 81363 | Zot:5    | Reached skill level 25 in Fighting
 81618 | Zot:5    | Reached XP level 27. HP: 217/217 MP: 0/29
 81884 | Zot:5    | Found a transporter.
 81935 | Zot:5    | Noticed an orb of fire
 81935 | Zot:5    | Noticed a Killer Klown
 81938 | Zot:5    | Noticed a dread lich
 81939 | Zot:5    | Noticed a Killer Klown
 81939 | Zot:5    | Killed an orb of fire
 81941 | Zot:5    | Noticed a dread lich
 81941 | Zot:5    | Noticed an orb of fire
 81941 | Zot:5    | Gained mutation: You are frail. (-10% HP) [an orb of fire]
 81943 | Zot:5    | Noticed a dread lich
 81946 | Zot:5    | Noticed an ancient lich
 82012 | Zot:4    | Paralysed by a dread lich for 2 turns
 82016 | Zot:4    | Killed an orb of fire
 82022 | Zot:4    | Killed a dread lich
 82023 | Zot:4    | Reached skill level 26 in Fighting
 82129 | Zot:4    | Killed an ancient lich
 82135 | Zot:4    | Killed a dread lich
 82138 | Zot:4    | Killed a dread lich
 82150 | Zot:5    | Noticed a dread lich
 82155 | Zot:4    | Killed a Killer Klown
 82183 | Zot:5    | Killed a dread lich
 82188 | Zot:5    | Killed a Killer Klown
 82189 | Zot:5    | Noticed an ancient lich
 82190 | Zot:5    | Noticed an ancient lich
 82193 | Zot:5    | Killed an ancient lich
 82194 | Zot:5    | Noticed an ancient lich
 82195 | Zot:5    | Noticed a dread lich
 82199 | Zot:5    | Noticed an ancient lich
 82208 | Zot:4    | Killed an ancient lich
 82209 | Zot:4    | Reached skill level 27 in Fighting
 82220 | Zot:4    | Killed an ancient lich
 82241 | Zot:5    | Paralysed by a dread lich for 5 turns
 82255 | Zot:4    | Killed an ancient lich
 82255 | Zot:4    | Killed a dread lich
 82373 | Zot:5    | Noticed an electric golem
 82375 | Zot:5    | Killed an electric golem
 82430 | Zot:5    | Found a transporter.
 82447 | Zot:5    | Found a transporter.
 82464 | Zot:5    | Found a transporter.
 82505 | Zot:5    | Found a transporter.
 82742 | Zot:5    | Noticed a Killer Klown
 82746 | Zot:5    | Killed a Killer Klown
 82823 | Zot:5    | Noticed a Killer Klown
 82834 | Zot:5    | Killed a Killer Klown
 82962 | Zot:5    | Noticed an electric golem
 82962 | Zot:5    | Gained mutation: You occasionally lose the ability to drink
                  | potions when taking damage. [mutagenic glow]
 82969 | Zot:5    | Killed an electric golem
 82970 | Zot:5    | Gained mutation: You are clumsy. (Dex -2) [mutagenic glow]
 83195 | Zot:5    | Reached skill level 18 in Unarmed Combat
 83197 | Zot:5    | Reached skill level 16 in Shields
 83197 | Zot:5    | Noticed a Killer Klown
 83218 | Zot:5    | Killed a Killer Klown
 83391 | Zot:5    | Got the Orb of Zot
 83673 | D:15     | Noticed Hinlief the pandemonium lord
 83676 | D:15     | Killed Hinlief the pandemonium lord
 84007 | D:$      | Escaped with the Orb!

Vanquished Creatures
  2 dread liches
  5 ancient liches
  An orb of fire (Depths:4)
  3 Killer Klowns
  5 golden dragons
  A curse toe (Zot:4)
  A Brimstone Fiend (Depths:2)
  3 electric golems
  7 tentacled monstrosities
  2 deep elf blademasters
  2 titans (Vaults:5)
  2 deep elf master archers (Elf:3)
  A quicksilver dragon (Zot:1)
  12 Orb Guardians
  A sphinx (Vaults:2)
  A searing wretch (Vaults:2)
  Frances (D:14)
  5 death cobs
  2 Executioners (Depths:2)
  The ghost of Nilihum the Brawler, an adept TrSh of Wu Jian (Swamp:2)
  2 tengu reavers (Vaults:5)
  9 shadow dragons
  2 thorn hunters
  2 draconian monks (Zot:1)
  2 storm dragons (Vaults:5)
  4 draconian knights
  6 nagarajas
  2 emperor scorpions (Depths:2)
  A protean progenitor (Zot:1)
  2 deep elf sorcerers
  3 draconian shifters
  6 fire giants
  3 frost giants
  A draconian scorcher (Zot:3)
  An orc warlord (Orc:2)
  A deep elf elementalist (Elf:3)
  2 cacodemons (Depths:2)
  A balrug (Depths:1)
  9 vault wardens
  A ghost moth (Zot:4)
  2 ghouls (Swamp:2)
  2 draconian stormcallers (Zot:2)
  12 ironbound preservers
  A very ugly thing (Depths:2)
  A quicksilver ooze (Elf:1)
  4 draconian annihilators
  The ghost of Pesoemm the Carver, a journeyman DsFi of Hepliaklqana (Elf:2)
  9 stone giants
  A deep elf death mage (Elf:2)
  4 green draconians
  6 red draconians
  4 ironbound thunderhulks
  4 bunyips
  A deep elf annihilator (Elf:3)
  5 deep elf demonologists
  3 dire elephants (Depths:1)
  8 black draconians
  8 yellow draconians
  2 war gargoyles
  2 eleionomae
  Snorg (Lair:3)
  5 purple draconians
  6 spark wasps
  5 white draconians
  2 green deaths
  A crystal guardian (Vaults:4)
  3 fire dragons
  3 deep elf high priests
  9 yaktaur captains
  5 ettins
  4 ice dragons
  A rakshasa (D:15)
  3 salamander tyrants (Snake:4)
  9 vault guards
  2 great orbs of eyes (Vaults:4)
  5 ironbound frosthearts
  4 spriggan air magi
  3 catoblepae
  9 hydras
  3 centaur warriors
  2 ghost crabs
  4 alligators
  6 anacondas
  4 two-headed ogres
  18 death yaks
  8 dancing weapons
  12 naga warriors
  A two-headed ogre (shapeshifter) (Vaults:5)
  2 tengu warriors
  A vampire mage (Depths:2)
  3 orc high priests
  5 deep troll shamans
  2 deep troll earth magi
  2 boulder beetles (Depths:1)
  2 naga sharpshooters
  An occultist (Depths:2)
  10 hell knights
  5 shock serpents
  3 sun demons
  7 iron trolls
  6 deep elf knights
  A death drake (Swamp:2)
  2 skeletal warriors
  4 goliath frogs
  2 salamander mystics
  18 deep trolls
  4 naga ritualists
  5 arcanists
  3 bog bodies
  An obsidian statue (Zot:5)
  5 swamp dragons
  3 mana vipers (Zot:1)
  2 spriggan druids (Swamp:2)
  2 deep elf archers
  Pikel (D:7)
  11 deep elf pyromancers
  2 lindwurms
  7 ironbound convokers
  A wolf spider (Lair:3)
  A will-o-the-wisp (Swamp:2)
  4 deep elf zephyrmancers
  An oklob plant (D:11)
  3 phantasmal warriors (Vaults:5)
  9 salamanders
  4 orc knights
  2 orc sorcerers
  7 ugly things
  A cyclops (D:14)
  A manticore (D:12)
  2 elephants
  A meliai (D:15)
  4 guardian serpents (Snake:3)
  16 black mambas
  Joseph (D:8)
  A kobold blastminer (Orc:1)
  A rust devil (Depths:2)
  15 moths of wrath
  7 naga magi
  A centaur zombie (D:15)
  4 vault sentinels
  6 cane toads
  A hellion (Depths:2)
  Jeremiah (D:7)
  2 rime drakes
  3 gargoyles
  A tormentor (Zot:4)
  5 komodo dragons
  12 yaktaurs
  A freezing wraith (Vaults:5)
  A polar bear (Lair:5)
  11 trolls
  2 bloated husks
  A polar bear (shapeshifter) (D:15)
  4 tyrant leeches
  4 hornets
  A wolf spider simulacrum (D:15)
  7 blink frogs (Lair:5)
  16 slime creatures
  A dream sheep (Lair:5)
  A shadow (D:10)
  A wraith (D:10)
  3 spriggans
  28 yaks
  A yak (shapeshifter) (D:13)
  2 wyverns
  2 hogs (D:13)
  2 steam dragons
  3 redbacks (Zot:1)
  A warg (Orc:2)
  7 basilisks
  A neqoxec (D:10)
  Menkaure (D:6)
  11 vampire mosquitoes
  26 nagas
  9 water moccasins
  8 swamp worms
  An acid dragon (D:12)
  A hell hound (Elf:1)
  Duvessa (D:5)
  2 sky beasts (D:7)
  7 swamp drakes
  2 black bears
  3 ice beasts
  20 orc warriors
  A boggart (Vaults:2)
  7 ogres
  3 wolves (Lair:3)
  4 centaurs
  3 lemures (D:7)
  A phantom (D:5)
  5 bullfrogs
  2 gnoll sergeants
  2 scorpions
  Dowan (D:5)
  3 killer bees (D:9)
  3 howler monkeys
  3 bombardier beetles
  7 hounds
  19 orc priests
  4 jellies
  5 iguanas
  4 hell rats (Lair:3)
  15 orc wizards
  An ogre zombie (D:8)
  10 gnolls
  7 adders
  A white imp (D:7)
  3 ribbon worms
  54 orcs
  3 endoplasms
  4 giant cockroaches
  7 hobgoblins
  4 jackals (D:2)
  8 quokkas
  8 ball pythons
  4 bats
  A frilled lizard (D:3)
  13 goblins
  5 kobolds
  2 rats (D:3)
996 creatures vanquished.

Vanquished Creatures (collateral kills)
  6 dread liches
  2 orbs of fire
  4 ancient liches
  Sojobo (Vaults:2)
  3 Killer Klowns
  Margery (Vaults:2)
  The ghost of Emnejil the Slayer, a master VSBe of Trog (Zot:2)
  Saint Roka (Depths:1)
  6 curse toes
  11 golden dragons
  Nikola (Snake:2)
  A pandemonium lord (D:15)
  3 electric golems
  A walking earthen tome (Depths:4)
  12 tentacled monstrosities
  Mlioglotl (Swamp:1)
  16 Orb Guardians
  A deep elf blademaster (Elf:2)
  A titan (Vaults:5)
  3 quicksilver dragons
  3 sphinxes
  6 tengu reavers
  7 shadow dragons
  3 thorn hunters
  6 death cobs
  Roxanne (Swamp:2)
  Kirke (D:13)
  A rockslime (Elf:2)
  Aizul (Snake:3)
  Donald (Vaults:2)
  4 fire giants
  3 azure jellies
  A fenstrider witch (Swamp:4)
  7 nagarajas
  8 storm dragons
  2 draconian knights
  3 draconian shifters
  A protean progenitor (Zot:1)
  4 draconian monks
  12 vault wardens
  3 draconian scorchers
  An emperor scorpion (Depths:2)
  2 balrugs
  4 deep elf sorcerers
  6 frost giants
  A reaper (D:8)
  2 ghost moths (Zot:5)
  A cacodemon (Depths:2)
  2 draconian stormcallers
  4 deep elf elementalists (Elf:3)
  2 ghouls (Swamp:2)
  An angel (Depths:3)
  3 very ugly things
  A demonspawn blood saint (D:8)
  10 stone giants
  4 formless jellyfish
  6 ironbound preservers
  6 draconian annihilators
  A quicksilver ooze (Elf:2)
  A vampire knight (Depths:1)
  2 green draconians
  2 ironbound thunderhulks
  4 deep elf death magi
  4 deep elf demonologists
  6 black draconians
  A bunyip (Swamp:3)
  5 deep elf annihilators
  9 yellow draconians
  2 dire elephants (Vaults:1)
  6 eleionomae
  8 white draconians
  3 red draconians
  4 spark wasps
  Azrael (Elf:1)
  3 minotaurs
  8 ettins
  4 purple draconians
  3 fire dragons
  A blizzard demon (Depths:2)
  2 jiangshi
  2 shambling mangroves
  6 deep elf high priests
  10 yaktaur captains
  An entropy weaver (shapeshifter) (D:14)
  2 entropy weavers
  6 great orbs of eyes
  16 hydras
  3 peacekeepers (Vaults:4)
  21 vault guards
  4 salamander tyrants
  Erolcha (D:11)
  2 rakshasas
  2 ghost crabs (Swamp:2)
  7 centaur warriors
  5 ironbound frosthearts
  An ice dragon (Depths:3)
  8 alligators
  An ogre mage (Vaults:5)
  3 catoblepae
  6 anacondas
  2 deep troll shamans
  2 boulder beetles (D:12)
  7 naga warriors
  A two-headed ogre (D:12)
  2 tengu warriors
  21 dancing weapons
  3 deep troll earth magi
  5 death yaks
  3 naga sharpshooters
  2 occultists
  3 orc high priests
  2 spriggan berserkers (Depths:3)
  4 sun demons
  7 deep elf knights
  10 hell knights
  6 shock serpents
  Amaemon (D:7)
  A soul eater (Depths:2)
  An iron troll (Depths:1)
  4 salamander mystics
  22 deep trolls
  9 skeletal warriors
  A goliath frog (Swamp:1)
  2 glowing orange brains (Depths:4)
  8 arcanists
  4 swamp dragons
  17 ironbound convokers
  3 naga ritualists
  5 lindwurms
  A shadow demon (Depths:2)
  4 necromancers
  A phantasmal warrior (Vaults:5)
  4 mana vipers
  6 bog bodies
  17 deep elf pyromancers
  A large abomination (Depths:3)
  4 harpies (Vaults:2)
  7 deep elf archers
  2 cyclopes (D:12)
  15 deep elf zephyrmancers
  3 orc knights
  4 orc sorcerers
  17 ugly things
  5 manticores
  4 will-o-the-wisps
  2 meliai (D:15)
  An oklob plant (D:11)
  A wolf spider (Vaults:5)
  15 salamanders
  15 moths of wrath
  4 elephants
  3 kobold blastminers
  13 naga magi
  16 vault sentinels
  23 black mambas
  2 guardian serpents (Snake:3)
  A smoke demon (Depths:1)
  11 cane toads
  3 gargoyles
  An orange demon (D:8)
  2 centaur skeletons (D:15)
  A torpor snail (Lair:3)
  A kobold demonologist (D:13)
  3 unseen horrors
  10 yaktaurs
  9 komodo dragons
  2 freezing wraiths
  3 tengu conjurers
  A queen bee (shapeshifter) (D:13)
  2 trolls (D:11)
  12 tyrant leeches
  8 hornets
  A hellwing (Depths:1)
  2 polar bears
  6 bloated husks
  Prince Ribbit (D:8)
  A tarantella (Vaults:2)
  4 blink frogs
  4 dream sheep (Lair:5)
  A glass eye (Depths:1)
  A culicivora (Vaults:2)
  27 slime creatures
  2 shadows (D:12)
  4 spriggans
  An air elemental (Elf:3)
  2 wyverns
  A wraith (D:14)
  2 basilisks (D:14)
  4 fire elementals
  5 water elementals
  4 hogs (D:13)
  34 yaks
  15 vampire mosquitoes
  A redback (Vaults:2)
  A chaos spawn (D:15)
  10 swamp worms
  15 nagas
  2 hell hounds (Elf:1)
  10 water moccasins
  23 orc warriors
  A hornet zombie (D:15)
  A swamp drake (Lair:2)
  7 wolves
  4 boggarts
  3 ogres
  7 centaurs
  A lemure (D:6)
  6 bullfrogs
  3 gnoll sergeants (D:12)
  4 earth elementals
  9 killer bees
  A centaur zombie (D:8)
  3 howler monkeys
  11 orc priests
  2 jellies (Lair:4)
  A gnoll bouda (D:5)
  An iguana (Lair:2)
  18 orc wizards
  2 hell rats (Lair:3)
  A killer bee zombie (D:8)
  An ogre zombie (D:8)
  A mummy (D:8)
  3 gnolls
  A shadow imp (D:5)
  A white imp (D:7)
  35 orcs
  A goblin (D:8)
1128 creatures vanquished.

Vanquished Creatures (others)
  A golden dragon (Zot:1)
  A tentacled monstrosity (Zot:2)
  A draconian knight (Zot:3)
  A fire giant (Depths:4)
  A draconian stormcaller (Zot:1)
  A war gargoyle (Vaults:4)
  An ettin (Vaults:5)
  2 vault guards (Vaults:5)
  A shock serpent (Snake:3)
  2 occultists (D:15)
  3 deep elf knights
  A hell knight (Vaults:2)
  A deep troll (Depths:2)
  A swamp dragon (Swamp:4)
  A deep elf archer (Elf:3)
  A deep elf pyromancer (Elf:2)
  A deep elf zephyrmancer (Elf:2)
  A yaktaur (Vaults:2)
  An air elemental (Elf:1)
  A vampire mosquito (Swamp:1)
  An orc warrior (Orc:2)
  A boggart (Vaults:4)
  An orc priest (Depths:1)
  156 battlemagi
  4 ancestors
  A quokka (D:15)
  10 foxfires
198 creatures vanquished.

Grand Total: 2322 creatures vanquished

Table legend: (Time is in decaauts)
 A = Elapsed time spent in this place.
 B = Non-inter-level travel time spent in this place.
 C = Inter-level travel time spent in this place.
 D = Time resting spent in this place.
 E = Time spent auto-exploring this place.
 F = Levels seen in this place.
 G = Mean time per level.
                   A        B        C        D        E       F      G
               +--------+--------+--------+--------+--------+-----+--------+
         Total | 101177 |  93042 |   8135 |  21240 |  53826 |  48 | 2107.9 |
       Dungeon |  25392 |  22092 |   3300 |   4398 |  13540 |  15 | 1692.8 |
        Temple |    166 |    156 |     10 |    128 |      0 |   1 |  166.0 |
          Lair |  10123 |   9402 |    721 |   2499 |   5064 |   5 | 2024.6 |
         Swamp |   6437 |   6211 |    226 |   1560 |   3447 |   4 | 1609.2 |
     Snake Pit |  11594 |  10996 |    598 |   4971 |   4342 |   4 | 2898.5 |
  Orcish Mines |   2972 |   2529 |    443 |    501 |   1348 |   2 | 1486.0 |
   Elven Halls |   6883 |   6531 |    352 |    892 |   4270 |   3 | 2294.3 |
        Vaults |  13457 |  12225 |   1232 |   1316 |   7913 |   5 | 2691.4 |
        Depths |   9817 |   8973 |    844 |   1710 |   5383 |   4 | 2454.2 |
           Zot |  14332 |  13925 |    407 |   3263 |   8516 |   5 | 2866.4 |
               +--------+--------+--------+--------+--------+-----+--------+

Top non-repeatable levels by time:
   Zot:3: 3899 daAuts
   Zot:4: 3643 daAuts
 Snake:3: 3570 daAuts
Depths:2: 3145 daAuts
Vaults:5: 2932 daAuts
   Zot:5: 2921 daAuts
 Snake:4: 2869 daAuts
Vaults:1: 2810 daAuts
 Snake:2: 2791 daAuts
Depths:4: 2779 daAuts
Vaults:2: 2722 daAuts
Vaults:3: 2662 daAuts
Depths:1: 2657 daAuts
   Elf:1: 2655 daAuts
    D:11: 2634 daAuts

Table legend:
 A = Non-vault XP
 B = Vault XP
 C = Vault XP percentage of total XP
 D = Non-vault monster count
 E = Vault monster count
 F = Vault count percentage of total count
                 A         B        C        D         E       F
            +---------+---------+-------+---------+---------+-------
      Total |  720136 |  681723 |  48.6 |    1271 |     849 |  40.0
            +---------+---------+-------+---------+---------+-------
        D:1 |      28 |       0 |   0.0 |      16 |       0 |   0.0
        D:2 |      42 |       0 |   0.0 |      16 |       0 |   0.0
        D:3 |     129 |       1 |   0.8 |      26 |       1 |   3.7
        D:4 |     665 |      13 |   1.9 |      20 |       1 |   4.8
        D:5 |     720 |     205 |  22.2 |      16 |       2 |  11.1
        D:6 |     537 |     175 |  24.6 |       8 |       1 |  11.1
        D:7 |    1312 |    1827 |  58.2 |      18 |       3 |  14.3
        D:8 |    1079 |    1464 |  57.6 |      24 |      14 |  36.8
        D:9 |    2540 |       0 |   0.0 |      22 |       0 |   0.0
       D:10 |    3099 |    3020 |  49.4 |      16 |      10 |  38.5
       D:11 |    6221 |    2166 |  25.8 |      20 |       4 |  16.7
       D:12 |    7266 |    8721 |  54.6 |      29 |      36 |  55.4
       D:13 |    7260 |    2522 |  25.8 |      18 |       7 |  28.0
       D:14 |   12908 |    6610 |  33.9 |      25 |      10 |  28.6
       D:15 |    8428 |    6259 |  42.6 |      14 |      12 |  46.2
     Temple |      48 |       0 |   0.0 |       1 |       0 |   0.0
     Lair:1 |    5343 |     594 |  10.0 |      18 |       6 |  25.0
     Lair:2 |    7583 |     357 |   4.5 |      22 |       4 |  15.4
     Lair:3 |    5540 |    5096 |  47.9 |      21 |      19 |  47.5
     Lair:4 |   12587 |    2633 |  17.3 |      34 |       8 |  19.0
     Lair:5 |   17804 |   10248 |  36.5 |      48 |      20 |  29.4
    Swamp:1 |   15415 |    1749 |  10.2 |      33 |       1 |   2.9
    Swamp:2 |   13513 |   20023 |  59.7 |      24 |      34 |  58.6
    Swamp:3 |   14641 |    1249 |   7.9 |      21 |       4 |  16.0
    Swamp:4 |   19274 |   15871 |  45.2 |      27 |      23 |  46.0
    Snake:1 |   10843 |   14024 |  56.4 |      20 |      21 |  51.2
    Snake:2 |   14694 |    2383 |  14.0 |      28 |       1 |   3.4
    Snake:3 |   29641 |    7168 |  19.5 |      55 |       8 |  12.7
    Snake:4 |   15011 |   24863 |  62.4 |      29 |      43 |  59.7
      Orc:1 |    4420 |     878 |  16.6 |      46 |      17 |  27.0
      Orc:2 |    2607 |   11948 |  82.1 |      30 |      82 |  73.2
      Elf:1 |    4962 |   13940 |  73.7 |      13 |      25 |  65.8
      Elf:2 |   20498 |   28623 |  58.3 |      37 |      34 |  47.9
      Elf:3 |   19007 |   27852 |  59.4 |      29 |      25 |  46.3
   Vaults:1 |   29191 |    9610 |  24.8 |      47 |      14 |  23.0
   Vaults:2 |   25453 |   32758 |  56.3 |      42 |      36 |  46.2
   Vaults:3 |   13898 |   28395 |  67.1 |      22 |      37 |  62.7
   Vaults:4 |   21170 |   25553 |  54.7 |      29 |      32 |  52.5
   Vaults:5 |    8053 |  146817 |  94.8 |       9 |     115 |  92.7
   Depths:1 |   35313 |   12106 |  25.5 |      41 |      14 |  25.5
   Depths:2 |   23331 |   36659 |  61.1 |      25 |      38 |  60.3
   Depths:3 |   14168 |    5575 |  28.2 |      17 |       7 |  29.2
   Depths:4 |   28427 |   20085 |  41.4 |      23 |      21 |  47.7
      Zot:1 |   54221 |    9191 |  14.5 |      49 |       6 |  10.9
      Zot:2 |   46485 |    9470 |  16.9 |      42 |       7 |  14.3
      Zot:3 |   47157 |    2383 |   4.8 |      38 |       1 |   2.6
      Zot:4 |   39723 |   52479 |  56.9 |      28 |      13 |  31.7
      Zot:5 |   47881 |   68160 |  58.7 |      35 |      32 |  47.8
            +---------+---------+-------+---------+---------+-------
